 Dungeon Crawl Stone Soup version 0.28-a0-687-gb91baff9cc (webtiles) character file.

Game seed: 12839466262644298004

2663 oldriver the Basher (level 9, -3/85 HPs)
             Began as a Gargoyle Fighter on Oct 20, 2021.
             Slain by an orc knight (10 damage)
             ... in a bailey.
             The game lasted 00:10:29 (7759 turns).

oldriver the Basher (Gargoyle Fighter)              Turns: 7759, Time: 00:10:29

Health: -3/85      AC: 31    Str: 20    XL:     9   Next: 63%
Magic:  9/9        EV:  2    Int:  9    God:
Gold:   243        SH:  5    Dex: 12    Spells: 8/8 levels left

rFire   . . .      SeeInvis .   q - +2 mace (protect)
rCold   . . .      Faith    .   c - +0 buckler
rNeg    + . .      Spirit   .   (armour currently unavailable)
rPois   ∞          Reflect  .   (helmet currently unavailable)
rElec   .          Harm     .   (cloak currently unavailable)
rCorr   .          Rampage  .   (gloves currently unavailable)
Will    .....      NoTele   +   (boots currently unavailable)
Stlth   +.........              r - amulet of the acrobat
HPRegen 0.24/turn               (no ring)
MPRegen 0.11/turn               (no ring)

@: tree-form, under a protective aura, hasted, studying Fighting, very quick
A: stationary, stasis, torment immunity, boosted hp, sickness immunity, AC +6,
negative energy resistance 1, (electricity resistance), torment resistance 1,
petrification resistance
a: no special abilities


You were in a bailey.
You were a tree.
You visited 2 branches of the dungeon, and saw 8 of its levels.
You also visited: Sewer and Bailey.

You collected 243 gold pieces.

Inventory:

Hand Weapons
 q - a +2 mace of protection (weapon)
Armour
 c - a +0 buckler (worn)
 e - a +2 hat (melded)
 f - a +0 pair of gloves (melded)
 g - a +0 chain mail (melded)
 p - a +0 cloak (melded)
Jewellery
 a - an amulet of regeneration
 r - an amulet of the acrobat (around neck)
Wands
 t - a wand of digging (4)
Scrolls
 b - 2 scrolls of vulnerability
 i - 2 scrolls of teleportation
 k - 4 scrolls of identify
 l - a scroll of fear
 o - 2 scrolls of noise
Potions
 n - a potion of magic {unknown}


   Skills:
 * Level 7.1 Fighting
 * Level 9.9 Maces & Flails
 + Level 6.2 Armour
 + Level 1.4 Dodging
 + Level 0.3 Stealth
 + Level 5.0 Shields


You had 8 spell levels left.
You didn't know any spells.
Your spell library contained the following spells:

 Spells                   Type           Power      Damage    Failure   Level
 Ozocubu's Armour         Ice            0%         N/A       77%         3
 Freezing Cloud           Conj/Ice/Air   0%         6-21      100%        5
 Simulacrum               Ice/Necr       0%         N/A       100%        6
 Ozocubu's Refrigeration  Ice            0%         4d5       100%        7
 Polar Vortex             Ice            0%         N/A       100%        9


Dungeon Overview and Level Annotations

Branches:
Dungeon (7/15)             Temple (1/1) D:6           Sewer (visited)
 Bailey (1/1)

Altars:
Ashenzari
Cheibriados
Elyvilon
Fedhas
Gozag
Hepliaklqana
Kikubaaqudgha
Makhleb
Nemelex Xobeh
Qazlal
Ru
Sif Muna
Uskayaw
Vehumet
Wu Jian
Xom
Yredelemnul
Zin
The Shining One

Annotations:
D:3 3 runed translucent doors, a11behringer's ghost, amateur GrEE


Innate Abilities, Weirdness & Mutations

You are a tree.
Your roots penetrate the ground, keeping you stationary.
You cannot be teleported.
You are immune to unholy pain and torment.
Your maximum health is greatly increased.
Your equipment is partially melded.
You are immune to sickness and miasma.
((Your stone body is resilient. (AC +6)))
You are immune to poison.
You resist negative energy. (rN+)
((You are resistant to electric shocks. (rElec)))
You are resistant to unholy torment.
You are immune to petrification.


Message History

The orc warrior is lightly wounded.
You hit the orc knight.
The orc knight is lightly wounded.
You closely miss the orc knight.
The orc knight is lightly wounded.
The orc knight hits you with a +0 war axe!
You barely miss the orc knight.
The orc knight is lightly wounded.
The orc knight hits you with a +0 war axe!
You closely miss the orc knight.
The orc knight is lightly wounded.
The orc knight closely misses you.
You feel yourself speed up.
You feel better.
The orc knight hits you with a +0 war axe.
Your chain mail prevents you from hitting the orc warrior.
The orc warrior is lightly wounded.
The orc warrior hits you but does no damage.
You closely miss the orc warrior.
The orc warrior is lightly wounded.
The orc warrior no longer looks unusually strong.
The orc knight hits you with a +0 war axe.
* * * LOW HITPOINT WARNING * * *
It was a potion of lignification.
You turn into a tree.
Your +0 cloak melds into your body.
Your +2 hat melds into your body.
Your +0 pair of gloves melds into your body.
Your +0 chain mail melds into your body.
Your roots penetrate the ground.
The orc warrior hits you with a +0 broad axe.
* * * LOW HITPOINT WARNING * * *
You barely miss the orc knight.
The orc knight is lightly wounded.
The orc knight hits you with a +0 war axe!
* * * LOW HITPOINT WARNING * * *
You sock the orc knight!
Your weapon exudes an aura of protection.
The orc knight is lightly wounded.
You block the orc warrior's attack.
The orc knight hits you with a +0 war axe!
You die...

K≈≈.......≈≈'.'
#≈≈.......≈≈###
K≈≈.......≈≈'.'
#≈≈.......≈≈###
##≈.......≈##
####'''####
##.....##
#∩.....∩#
#..♣8...#
##.oo..##
###'### #)))#
.......
...........
...............
...............
#.............#


You could see an orc knight and an orc warrior.

Vanquished Creatures
  A two-headed ogre (D:6)
  A troll (D:6)
  Grinder (D:5)
  An orc warrior (Bailey)
  3 necrophages
  An ogre (D:4)
  3 scorpions
  A water moccasin zombie (D:6)
  3 bullfrogs
  The ghost of Atlas the Chiller, a weakling DgIE (D:4)
  A bullfrog zombie (D:6)
  A centaur zombie (D:5)
  2 gnoll shamans
  5 hounds
  An orc priest (D:6)
  3 jellies
  Crazy Yiuf (D:4)
  Jessica (D:2)
  An iguana (D:7)
  A howler monkey zombie (D:6)
  11 gnolls
  8 adders
  2 adder skeletons (D:4)
  4 worms
  6 dart slugs
  2 orcs
  11 ball pythons
  5 endoplasms
  7 giant cockroaches
  8 goblins
  8 hobgoblins
  7 jackals (D:3)
  5 kobolds
  3 quokkas
  3 bats
  7 frilled lizards
  6 rats
  A spectral orc (D:3)
137 creatures vanquished.

Notes
Turn   | Place    | Note
-------+----------+-------------------------------------------
     0 | D:1      | oldriver the Gargoyle Fighter began the quest for the Orb.
     0 | D:1      | Reached XP level 1. HP: 14/14 MP: 1/1
   478 | D:1      | Reached XP level 2. HP: 19/19 MP: 2/2
  1024 | D:2      | Reached XP level 3. HP: 12/24 MP: 3/3
  1541 | D:2      | Noticed Jessica
  1547 | D:2      | Killed Jessica
  1548 | D:2      | Reached XP level 4. HP: 6/29 MP: 4/4
  1846 | D:2      | Reached skill level 3 in Maces & Flails
  2193 | D:3      | Found a basalt altar of Yredelemnul.
  2278 | D:3      | Reached XP level 5. HP: 26/33 MP: 5/5
  2362 | D:3      | Found a faded altar of an unknown god.
  2942 | D:3      | Found a runed translucent gate.
  2942 | D:3      | Found a runed translucent gate.
  2944 | D:3      | Found an opulent altar of Gozag.
  2945 | D:3      | Found a runed translucent gate.
  2946 | D:3      | Noticed a11behringer's ghost (amateur GrEE)
  3091 | D:4      | Reached skill level 4 in Maces & Flails
  3224 | D:4      | Noticed a necrophage
  3243 | D:4      | Killed a necrophage
  3244 | D:4      | Reached XP level 6. HP: 28/39 MP: 6/6
  3329 | D:4      | Reached skill level 5 in Maces & Flails
  3589 | D:4      | Found a large runed translucent door.
  3589 | D:4      | Found a large runed translucent door.
  3669 | D:4      | Found a sparkling altar of Nemelex Xobeh.
  3678 | D:4      | Reached XP level 7. HP: 27/44 MP: 7/7
  3863 | D:4      | Found a runed translucent door.
  3864 | D:4      | Noticed Crazy Yiuf
  3968 | D:4      | Noticed Atlas's ghost (weakling DgIE)
  4232 | D:5      | Entered Level 5 of the Dungeon
  4283 | D:5      | Reached skill level 5 in Fighting
  4283 | D:5      | Reached skill level 6 in Maces & Flails
  4288 | D:5      | Noticed Grinder
  4288 | D:5      | Paralysed by Grinder for 7 turns
  4296 | D:5      | Paralysed by Grinder for 5 turns
  4361 | D:5      | Paralysed by Grinder for 7 turns
  4370 | D:5      | Killed Grinder
  4384 | D:5      | Reached skill level 7 in Maces & Flails
  4384 | D:5      | Reached XP level 8. HP: 38/49 MP: 8/8
  4543 | D:5      | Found a glowing golden altar of the Shining One.
  4602 | D:5      | Reached skill level 5 in Armour
  4647 | D:5      | Found a glowing drain.
  4660 | Sewer    | Entered a sewer
  5578 | D:5      | Reached skill level 8 in Maces & Flails
  5827 | D:6      | Noticed a troll
  5848 | D:6      | Killed a troll
  5849 | D:6      | Reached skill level 1 in Dodging
  5980 | D:6      | Found a staircase to the Ecumenical Temple.
  6032 | D:6      | Noticed a two-headed ogre
  6053 | D:6      | Killed a two-headed ogre
  6054 | D:6      | Reached skill level 9 in Maces & Flails
  6054 | D:6      | Reached XP level 9. HP: 26/56 MP: 9/9
  6869 | D:4      | Killed Crazy Yiuf
  6886 | D:4      | Identified a scroll of acquirement
  6886 | D:4      | Acquired a manual of Fighting
  6985 | D:4      | Killed Atlas's ghost
  7260 | Temple   | Entered the Ecumenical Temple
  7625 | D:7      | Found a flagged portal.
  7645 | Bailey   | Entered a bailey
  7704 | Bailey   | Reached skill level 5 in Shields
  7735 | Bailey   | Noticed an orc knight
  7759 | Bailey   | Slain by an orc knight

Illustrated notes

Levels and vault maps discovered:
D:1:      scummos_arrival_forest, layout_basic, serial_park_tiny_1,
          lemuel_another_geyser
D:2:      layout_loops_cross, uniq_jessica
D:3:      layout_basic, yredelemnul_forgotten_temple_becter,
          basic_ecumenical_altar, ebering_ghost_gozag, st_stairs_1,
          grunt_decor_arrowhead, chequers_serial_rivers_micro_a
D:4:      layout_loops_ring, nicolae_overflow_crystal_walls,
          ebering_ghost_disaster_area, mrwooster_statue_mirror,
          hangedman_decor_lopped, uniq_crazy_yiuf_cottage
D:5:      layout_rooms, mainiacjoe_overflow_tiny_flanked, portal_sewer_entry_d,
          uniq_grinder
D:6:      layout_basic, minmay_temple_entry_wispy
D:7:      layout_basic, enter_bailey_4, serial_aquarium,
          aquarium_bridge_straight [aquarium_subvault_bridge,
          aquarium_subvault_window, aquarium_subvault_bridge,
          aquarium_subvault_window], aquarium_window_2, aquarium_window_1,
          aquarium_view_2c, aquarium_pool_corner, kennysheep_small_circle
Temple:   eino_temple_rhombus
Bailey:   bailey_axe_3, bailey

Skill      XL: |  1  2  3  4  5  6  7  8  9 |
---------------+----------------------------+-----
Fighting       | 4 5 6 7 |  7.1
Maces & Flails | 3 4 5 7 9 |  9.9
Armour         | 4 6 |  6.2
Shields        | 4 5 |  5.0
Dodging        | 1 |  1.4
Stealth        | |  0.3

Action                   |  1- 3 |  4- 6 |  7- 9 || total
-------------------------+-------+-------+-------++-------
Melee: Flail             |    67 |   173 |   275 ||   515
       Mace              |       |       |    71 ||    71
  Use: Scroll            |       |       |    11 ||    11
       Potion            |       |       |    12 ||    12
Armor: Chain mail        |    27 |   123 |   251 ||   401
       Scale mail        |     1 |       |       ||     1
Dodge: Dodged            |    23 |    78 |   184 ||   285
Block: Buckler           |     9 |    49 |    95 ||   153

Table legend: (Time is in decaauts)
 A = Elapsed time spent in this place.
 B = Non-inter-level travel time spent in this place.
 C = Inter-level travel time spent in this place.
 D = Time resting spent in this place.
 E = Time spent auto-exploring this place.
 F = Levels seen in this place.
 G = Mean time per level.
                   A        B        C        D        E       F      G
               +--------+--------+--------+--------+--------+-----+--------+
         Total |   7915 |   7265 |    650 |   1960 |   3652 |  10 |  791.5 |
       Dungeon |   6692 |   6058 |    634 |   1586 |   3096 |   7 |  956.0 |
        Temple |    178 |    163 |     15 |      0 |    148 |   1 |  178.0 |
         Sewer |    935 |    935 |      0 |    374 |    396 |   1 |  935.0 |
        Bailey |    109 |    109 |      0 |      0 |     12 |   1 |  109.0 |
               +--------+--------+--------+--------+--------+-----+--------+

Top non-repeatable levels by time:
     D:4: 1530 daAuts
     D:2: 1317 daAuts
     D:6: 1162 daAuts
     D:1: 958 daAuts
   Sewer: 935 daAuts
     D:3: 883 daAuts
     D:5: 670 daAuts
  Temple: 178 daAuts
     D:7: 168 daAuts
  Bailey: 109 daAuts
